 Dungeon Crawl Stone Soup version 0.25.1-2-g60ff931df9 (webtiles) character file.

Game seed: 16682356434175223435

295 FreshCat the Poker (level 6, -7/46 HPs)
             Began as a Merfolk Gladiator on Sept 9, 2020.
             Was an Initiate of Makhleb.
             Killed by divine providence
             ... invoked by an orc priest
              (12 damage)
             ... on level 4 of the Dungeon.
             The game lasted 00:14:15 (3581 turns).

FreshCat the Poker (Merfolk Gladiator)              Turns: 3581, Time: 00:14:15

Health: -7/46      AC:  5    Str: 15    XL:     6   Next: 34%
Magic:  6/6        EV: 15    Int:  8    God:    Makhleb [......]
Gold:   13         SH:  0    Dex: 16    Spells: 5/5 levels left

rFire    . . .     SeeInvis .   a - +0 trident
rCold    . . .     Gourm    .   (no shield)
rNeg     . . .     Faith    .   b - +0 leather armour
rPois    .         Spirit   .   c - +0 helmet
rElec    .         Reflect  .   (no cloak)
rCorr    .         Harm     .   (no gloves)
MR       .....                  o - +0 pair of boots (curse)
Stlth    ++........             (no amulet)
HPRegen  0.15/turn              (no ring)
MPRegen  0.10/turn              (no ring)

@: brilliant
A: change form in water, swift swim, stealthy swim
a: Renounce Religion


You were on level 4 of the Dungeon.
You worshipped Makhleb.
Makhleb was noncommittal.
You were not hungry.

You visited 1 branch of the dungeon, and saw 5 of its levels.

You collected 13 gold pieces.

Inventory:

Hand Weapons
 a - a +0 trident (weapon)
Missiles
 d - 4 throwing nets
 e - 101 stones (quivered)
Armour
 b - a +0 leather armour (worn)
 c - a +0 helmet (worn)
 o - a cursed +0 pair of boots (worn)
Scrolls
 h - a scroll of enchant weapon {unknown}
 i - a scroll of teleportation
 j - 2 scrolls of identify {unknown}
 l - a scroll of noise
 n - a scroll of immolation {unknown}
Potions
 m - a potion of curing {unknown}
Comestibles
 f - a ration
 g - a chunk of flesh


   Skills:
 + Level 2.9 Fighting
 + Level 7.2 Polearms
 + Level 2.8 Throwing
 + Level 1.6 Armour
 + Level 5.1 Dodging
 + Level 1.2 Stealth


You had 5 spell levels left.
You didn't know any spells.
Your spell library was empty.

Dungeon Overview and Level Annotations

Branches:
Dungeon (5/15)
 Temple: D:4-7

Altars:
Kikubaaqudgha
Makhleb
Vehumet

Annotations:
D:2 Sigmund


Message History

The orc misses you.
You closely miss the orc.
The orc is almost dead.
The orc barely misses you.
The orc priest casts a cantrip, but nothing happens.
You barely miss the orc.
The orc is almost dead.
The orc misses you.
You closely miss the orc.
The orc is almost dead.
The orc hits you with a +0 hand axe.
The orc priest invokes the aid of Beogh against you.
Beogh smites you!
* * * LOW HITPOINT WARNING * * *
It was a potion of brilliance.
You feel clever all of a sudden. The orc closely misses you.
The orc priest mumbles some strange prayers to Beogh against you.
Beogh smites you!
You die...

##
<#######################
.#..............@ooo((((
.#.#####################
.#.# .#.# .#.# .#.######
.......... .######### .#


You could see an orc priest and 2 orcs.

Vanquished Creatures
  A phantom (D:4)
  Robin (D:1)
  4 gnolls
  4 adders
  An ooze (D:2)
  An adder skeleton (D:4)
  2 worms
  5 dart slugs
  3 leopard geckos
  3 orcs
  10 bats
  2 bat zombies (D:2)
  4 giant cockroaches
  10 goblins
  9 hobgoblins
  11 jackals
  2 quokkas (D:3)
  A frilled lizard (D:3)
  3 kobolds
  A leopard gecko skeleton (D:4)
  9 rats
  2 rat zombies (D:2)
89 creatures vanquished.

Notes
Turn   | Place    | Note
-------+----------+-------------------------------------------
     0 | D:1      | FreshCat the Merfolk Gladiator began the quest for the Orb.
     0 | D:1      | Reached XP level 1. HP: 16/16 MP: 1/1
   216 | D:1      | Reached XP level 2. HP: 22/22 MP: 2/2
   398 | D:1      | Reached skill level 5 in Polearms
   560 | D:1      | Reached XP level 3. HP: 21/27 MP: 3/3
  1247 | D:1      | Reached XP level 4. HP: 15/33 MP: 4/4
  1591 | D:2      | Noticed Sigmund
  1859 | D:2      | Noticed Robin
  1861 | D:2      | Found a radiant altar of Vehumet.
  2177 | D:1      | Killed Robin
  2177 | D:1      | Reached skill level 1 in Armour
  2279 | D:2      | Reached skill level 6 in Polearms
  2434 | D:2      | Reached XP level 5. HP: 36/39 MP: 5/5
  2529 | D:2      | Found an ancient bone altar of Kikubaaqudgha.
  2697 | D:3      | Reached skill level 5 in Dodging
  2740 | D:4      | Noticed an ogre
  2954 | D:3      | Found a burning altar of Makhleb.
  2962 | D:3      | Became a worshipper of Makhleb the Destroyer
  3467 | D:5      | Entered Level 5 of the Dungeon
  3502 | D:4      | Noticed a phantom
  3525 | D:4      | Killed a phantom
  3525 | D:4      | Reached skill level 7 in Polearms
  3525 | D:4      | Reached skill level 1 in Stealth
  3525 | D:4      | Reached XP level 6. HP: 40/46 MP: 6/6
  3581 | D:4      | Killed from afar by an orc priest

Illustrated notes

Levels and vault maps discovered:
D:1:      minmay_arrival_shattered_statue, layout_basic
D:2:      layout_rooms, old_standard_altar, yredelemnul_forgotten_temple_becter,
          fiery_altar_vehumet, lemuel_zombie_altar_kikubaaqudgha, uniq_sigmund,
          uniq_robin
D:3:      layout_rooms, old_standard_altar
D:4:      layout_basic, okawaru_ov_weapons_minmay, first_ration,
          hangedman_abyss_or_decor_passed
D:5:      layout_loops_ring, nicolae_overflow_crystal_walls,
          nemelex_xobeh_ov_fountains_minmay, basic_altar

Skill      XL: |  1  2  3  4  5 |
---------------+----------------+-----
Polearms       | 5 6 7 |  7.2
Armour         | 1 |  1.6
Dodging        | 5 |  5.1
Stealth        | 1 |  1.2
Fighting       | |  2.9
Throwing       | |  2.8

Action                   |  1- 3 |  4- 6 || total
-------------------------+-------+-------++-------
Melee: Trident           |    85 |   233 ||   318
Throw: Stone             |    58 |    65 ||   123
       Throwing net      |     1 |       ||     1
  Use: Potion            |       |     2 ||     2
       Scroll            |       |     2 ||     2
 Stab: Sleeping          |     1 |     4 ||     5
  Eat: Chunk             |     1 |     4 ||     5
       Ration            |       |     1 ||     1
Armor: Leather armour    |    14 |    58 ||    72
       Skin              |       |     2 ||     2
Dodge: Dodged            |    69 |   171 ||   240
